 Dungeon Crawl Stone Soup version 0.23-a0-180-ga5275e7 (webtiles) character file.

174 Amnesiac the Skirmisher (level 5, -7/42 HPs)
             Began as a Mummy Monk on Sept 18, 2018.
             Was a Believer of Vehumet.
             Killed by divine providence
             ... invoked by an orc priest
              (9 damage)
             ... on level 5 of the Dungeon.
             The game lasted 00:05:06 (2565 turns).

Amnesiac the Skirmisher (Mummy Monk)                Turns: 2565, Time: 00:05:07

Health: -7/42      AC:  5    Str: 15    XL:     5   Next: 28%
Magic:  5/16       EV: 12    Int: 10    God:    Vehumet [**....]
Gold:   223        SH:  0    Dex: 14    Spells: 4/6 levels left

rFire    . . .     SeeInvis .   b - +0 hunting sling
rCold    . . .     Gourm    .   (no shield)
rNeg     + + +     Faith    .   d - +0 ring mail
rPois    ∞         Spirit   .   (no helmet)
rElec    .         Reflect  .   (no cloak)
rCorr    .         Harm     .   (no gloves)
MR       .....                  (no boots)
Stlth    +.........             (no amulet)
HPRegen  0.14/turn              l - ring of fire
MPRegen  0.15/turn              p - ring of magical power

@: very slightly contaminated
A: no food or potions, fire vulnerability, cold resistance 1, negative energy
resistance 3, torment resistance, unbreathing
a: Renounce Religion


You were on level 5 of the Dungeon.
You worshipped Vehumet.
Vehumet was pleased with you.
You were not hungry.

You visited 1 branch of the dungeon, and saw 5 of its levels.

You collected 223 gold pieces.

Inventory:

Hand Weapons
 a - a +3 whip
 b - a +0 hunting sling (weapon)
 e - a +0 spear
Missiles
 i - 108 stones
 m - 20 sling bullets (quivered)
Armour
 d - a +0 ring mail (worn)
 o - a +0 pair of boots
Jewellery
 l - a ring of fire (left hand)
 p - a ring of magical power (right hand)
Scrolls
 c - 2 scrolls of teleportation {!r, unknown}
 f - 4 scrolls of identify {!r, unknown}
 g - a scroll of fear {!r, unknown}
 h - 3 scrolls of immolation {!r, unknown}
 j - a scroll of random uselessness {!r, unknown}
 k - 3 scrolls of remove curse {!r, unknown}
 n - a scroll of blinking {!r}


   Skills:
 + Level 3.7 Fighting
 - Level 2.4 Polearms
 - Level 3.5 Dodging
 - Level 1.5 Stealth
 + Level 1.4 Spellcasting
 * Level 1.4 Conjurations
 * Level 1.4 Fire Magic


You had 4 spell levels left.
You knew the following spells:

 Your Spells              Type           Power        Failure   Level  Hunger
a - Throw Flame           Conj/Fire      #.....       47%         2    N/A
Your spell library was empty.

Dungeon Overview and Level Annotations

Branches:
Dungeon (5/15)
 Temple: D:4-7

Altars:
Elyvilon
Vehumet

Annotations:
D:4 Menkaure, Sigmund


Innate Abilities, Weirdness & Mutations

You do not eat or drink.
Your flesh is vulnerable to fire.
You are immune to poison.
Your flesh is cold resistant. (rC+)
You are immune to negative energy. (rN+++)
You are immune to unholy pain and torment.
You can survive without breathing.


Message History

Sigmund closely misses you.
Unknown command.
Firing (i - inventory. (/) - cycle)
m - 23 sling bullets (quivered)
Press: ? - help, Shift-Dir - straight line, f/p - Sigmund
Aim: Sigmund, wielding a scythe of protection and wearing a robe (moderately You shoot a sling bullet.
The sling bullet hits Sigmund.
Sigmund is heavily wounded.
Unknown command.
Firing (i - inventory. (/) - cycle)
m - 22 sling bullets (quivered)
Press: ? - help, Shift-Dir - straight line, f/p - Sigmund
Aim: Sigmund, wielding a scythe of protection and wearing a robe (heavily You shoot a sling bullet.
The sling bullet closely misses Sigmund.
Sigmund hits you from afar with a scythe of protection!
* * * LOW HITPOINT WARNING * * *
Unknown command.
Firing (i - inventory. (/) - cycle)
m - 21 sling bullets (quivered)
Press: ? - help, Shift-Dir - straight line, f/p - Sigmund
Aim: Sigmund, wielding a scythe of protection and wearing a robe (heavily You shoot a sling bullet.
The sling bullet hits Sigmund but does no damage.
Sigmund is heavily wounded.
Sigmund gestures at you while chanting.
You are confused.
Unknown command.
You bump into the rock wall.
Sigmund closely misses you.
Sigmund hits you with a scythe of protection.
* * * LOW HITPOINT WARNING * * *
You bump into the rock wall.
You closely miss Sigmund.
Sigmund is heavily wounded.
Sigmund closely misses you.
You miss Sigmund.
Sigmund is heavily wounded.
You feel less confused.
Sigmund mumbles some strange words.
Sigmund flickers and vanishes!
Something hits you!
* * * LOW HITPOINT WARNING * * *
You hear some strange, mumbled words.
Something tries to affect you, but you resist.
Really walk into that teleport trap?
You enter a teleport trap!
The teleport trap disappears.
Your surroundings seem slightly different.
A magic dart appears from out of thin air!
The magic dart hits you!
* * * LOW HITPOINT WARNING * * *
There is a stone staircase leading down here.
You climb downwards.
The orc barely misses you. The slave barely misses you.
The orc barely misses you.
There is a stone staircase leading up here.
The orc hits you with a club.
* * * LOW HITPOINT WARNING * * *
Really read
n - 2 scrolls labeled UNWAKL SAEWK {!r}?
Blink to where?
Press: ? - help, Dir - move target cursor
As you read the scroll labeled UNWAKL SAEWK {!r}, it crumbles to dust.
It was a scroll of blinking {!r}.
An orc wizard comes into view. It is wielding a dagger.
A shadow imp comes into view.
The shadow imp shouts!
You hear a shout!
The orc priest calls down the wrath of Beogh upon you.
Beogh smites you!
You die...

#. ...# #. ... #. ..
...###.####.#
....o.o.o...#########.#
..####.##.....o......#
# #.##.o.%.p<#
#...####.##.#.#####
5......@.##.#.#
##..#######.#p#
........#.#.###
...o..........#
...o?..<#.#.#.#
#########.#.# ..# # ###


You could see an orc priest and a shadow imp.

Vanquished Creatures
  2 orc priests (D:3)
  A worker ant (D:4)
  4 adders
  An adder skeleton (D:3)
  A worm (D:4)
  3 leopard geckos
  2 orcs (D:3)
  A ball python (D:2)
  8 goblins
  5 hobgoblins
  6 kobolds
  9 bats
  3 frilled lizards (D:2)
  3 rats
49 creatures vanquished.

Notes
Turn   | Place    | Note
-------+----------+-------------------------------------------
     0 | D:1      | Amnesiac the Mummy Monk began the quest for the Orb.
     0 | D:1      | Reached XP level 1. HP: 18/18 MP: 1/1
   159 | D:3      | Noticed an orc priest
   179 | D:2      | Reached XP level 2. HP: 16/24 MP: 2/2
   487 | D:2      | Reached XP level 3. HP: 23/29 MP: 3/3
   838 | D:2      | Found a white marble altar of Elyvilon.
   991 | D:4      | Found a radiant altar of Vehumet.
  1003 | D:4      | Became a worshipper of Vehumet
  1003 | D:4      | Reached * piety under Vehumet
  1003 | D:4      | Offered knowledge of Sting by Vehumet.
  1003 | D:4      | Reached ** piety under Vehumet
  1088 | D:1      | Reached XP level 4. HP: 35/37 MP: 4/4
  1290 | D:1      | Offered knowledge of Throw Flame by Vehumet.
  1305 | D:1      | Learned a level 2 spell: Throw Flame
  1384 | D:1      | Reached skill level 1 in Spellcasting
  1941 | D:3      | Reached skill level 1 in Conjurations
  1941 | D:3      | Reached skill level 1 in Fire Magic
  1941 | D:3      | Reached XP level 5. HP: 42/42 MP: 6/6
  2293 | D:4      | Noticed Menkaure
  2305 | D:5      | Entered Level 5 of the Dungeon
  2307 | D:5      | Noticed a slave
  2355 | D:4      | Noticed Sigmund
  2555 | D:4      | HP: 1/42 [something/magic dart (5)]
  2560 | D:5      | HP: 1/42 [orc/club (1)]
  2565 | D:5      | Killed from afar by an orc priest

Vault maps used:
D:1:      co_arrival_square_in_a_square_in_a_square
D:2:      overflow_temple_1_default
D:3:      first_ration
D:4:      overflow_temple_1_default, uniq_menkaure, uniq_sigmund
D:5:      ashenzari_altar_1, old_standard_altar, zin_statuary,
          kennysheep_slug_shrine, uniq_pikel, uniq_crazy_yiuf_cottage,
          uniq_blork_the_orc

Skill      XL: |  1  2  3  4 |
---------------+-------------+-----
Dodging        | 3 |  3.5
Spellcasting   | 1 |  1.4
Conjurations   | 1 |  1.4
Fire Magic     | 1 |  1.4
Fighting       | |  3.7
Polearms       | |  2.4
Stealth        | |  1.5

Action                   |  1- 3 |  4- 6 || total
-------------------------+-------+-------++-------
Melee: Spear             |    66 |       ||    66
       Whip              |    30 |       ||    30
       Hunting sling     |       |     2 ||     2
 Fire: Hunting sling     |    10 |    85 ||    95
 Cast: Throw Flame       |       |     5 ||     5
  Use: Scroll            |       |     1 ||     1
 Stab: Sleeping          |     3 |       ||     3
Armor: Ring mail         |    25 |    15 ||    40
Dodge: Dodged            |    48 |    34 ||    82

Table legend:
 A = Non-vault XP
 B = Vault XP
 C = Vault XP percentage of total XP
 D = Non-vault monster count
 E = Vault monster count
 F = Vault count percentage of total count
                 A         B        C        D         E       F
            +---------+---------+-------+---------+---------+-------
      Total |     249 |       0 |   0.0 |      49 |       0 |   0.0
            +---------+---------+-------+---------+---------+-------
        D:1 |      22 |       0 |   0.0 |      12 |       0 |   0.0
        D:2 |      68 |       0 |   0.0 |      20 |       0 |   0.0
        D:3 |     122 |       0 |   0.0 |      15 |       0 |   0.0
        D:4 |      37 |       0 |   0.0 |       2 |       0 |   0.0
            +---------+---------+-------+---------+---------+-------
